 Dungeon Crawl Stone Soup version 0.31-a0-949-g57150269e1 (webtiles) character file.

Game seed: 7176298913912237617

40 sampeng1 the Trooper (level 3, -1/43 HPs)
             Began as a Human Berserker on Oct 22, 2023.
             Was a Follower of Trog.
             Succumbed to a kobold's poison
             ... on level 2 of the Dungeon.
             The game lasted 00:03:09 (1371 turns).

sampeng1 the Trooper (Human Berserker)              Turns: 1371, Time: 00:03:09

Health: -1/43      AC:  5    Str: 19    XL:     3   Next: 72%
Magic:  3/3        EV: 11    Int:  7    God:    Trog [*.....]
Gold:   77         SH:  0    Dex: 12    Spells: 2/2 levels left

rFire   . . .        a - +0 hand axe
rCold   . . .        (no shield)
rNeg    . . .        d - +0 ring mail
rPois   .            (no helmet)
rElec   .            (no cloak)
rCorr   .            (no gloves)
SInv    .            (no boots)
Will    .....        (no amulet) Stlth
                     (no ring)
HPRegen 0.27/turn    (no ring)
MPRegen 0.08/turn

%: no passive effects
@: berserking, lethally poisoned (-1 -> -19), very quick
A: no striking features
a: Renounce Religion, Berserk


You were on level 2 of the Dungeon.
You worshipped Trog.
Trog was aware of your devotion.
You visited 1 branch of the dungeon, and saw 2 of its levels.

You collected 77 gold pieces.

Inventory:

Hand Weapons
 a - a +0 hand axe (weapon)
Armour
 d - a +0 ring mail (worn)
Potions
 c - a potion of magic
 f - a potion of berserk rage {unknown}
 g - 2 potions of mutation


   Skills:
 + Level 3.4 Fighting
 + Level 3.3 Axes
 + Level 2.5 Armour
 + Level 2.5 Dodging


You had 2 spell levels left.
You didn't know any spells.
Your spell library was empty.

Dungeon Overview and Level Annotations

Branches:
Dungeon (2/15)

Altars:

Shops:
D:1 *


Message History

You slash the goblin!
You kill the goblin!
Trog accepts your kill.
You see here a +0 club.
You open the door.
There is an open door here.
A kobold comes into view. It is wielding a +4 dagger of venom.
Found a stone staircase leading down.
The kobold shouts!
The kobold throws a stone.
The stone closely misses you.
You closely miss the kobold.
The kobold hits you with a +4 dagger of venom.
You are poisoned.
You miss the kobold.
You feel very sick.
The kobold hits you with a +4 dagger of venom.
You hit the kobold but do no damage.
You feel sick. The kobold hits you but does no damage.
You are lethally poisoned!
The kobold hits you with a +4 dagger of venom.
You hit the kobold.
The kobold is moderately wounded.
* * * LOW HITPOINT WARNING * * *
You feel very sick. The kobold barely misses you.
You hit the kobold.
The kobold is severely wounded.
* * * LOW HITPOINT WARNING * * *
You feel very sick. The kobold hits you but does no damage.
A red film seems to cover your vision as you go berserk!
You feel yourself moving faster!
You feel mighty!
* * * LOW HITPOINT WARNING * * *
You feel very sick.
The kobold hits you with a +4 dagger of venom.
* * * LOW HITPOINT WARNING * * *
You are more poisoned.
You barely miss the kobold.
The kobold is moderately wounded.
You die...

######### #########
........#######......##
#######.......'......##
#....#..######........
#....#..##.......#....
###....#................
......K@................
....>.....#.............
........................
..........#.###.#.......
..........#.# #.####....
###.......# # #.# ....
......... ...+##.....


You could see a kobold.

Vanquished Creatures
  2 adders (D:2)
  3 endoplasms
  A giant cockroach (D:2)
  2 goblins
  A hobgoblin (D:2)
  4 kobolds
  A ball python (D:1)
  2 bats
  6 frilled lizards
  3 rats (D:1)
25 creatures vanquished.

Notes
Turn   | Place    | Note
-------+----------+-------------------------------------------
     0 | D:1      | sampeng1 the Human Berserker began the quest for the Orb.
     0 | D:1      | Reached XP level 1. HP: 18/18 MP: 1/1
   313 | D:1      | Reached XP level 2. HP: 19/24 MP: 2/2
   496 | D:1      | Found Himo's Assorted Antiques.
  1157 | D:2      | Reached XP level 3. HP: 29/29 MP: 3/3
  1370 | D:2      | HP: 1/43 [kobold/+4 dagger of venom (2)]
  1371 | D:2      | Succumbed to a kobold's poison

Illustrated notes

Levels and vault maps discovered:
D:1:      dpeg_arrival_court, layout_loops_corners, serial_shops,
          nicolae_shop_tiny_glass
D:2:      minmay_spotlight, layout_basic, minivault_5, uniq_terence

Action                     || total
---------------------------++-------
  Melee: Hand axe          ||    78
 Invoke: Berserk           ||     2
    Use: Scroll            ||     3
   Stab: Sleeping          ||     1
 Armour: Animal skin       ||    13
         Ring mail         ||    37
  Dodge: Dodged            ||    48

Table legend: (Time is in decaauts)
 A = Elapsed time spent in this place.
 B = Non-inter-level travel time spent in this place.
 C = Inter-level travel time spent in this place.
 D = Time resting spent in this place.
 E = Time spent auto-exploring this place.
 F = Levels seen in this place.
 G = Mean time per level.
                   A        B        C        D        E       F      G
               +--------+--------+--------+--------+--------+-----+--------+
         Total |   1391 |   1332 |     59 |      0 |   1067 |   2 |  695.5 |
       Dungeon |   1391 |   1332 |     59 |      0 |   1067 |   2 |  695.5 |
               +--------+--------+--------+--------+--------+-----+--------+

Top non-repeatable levels by time:
     D:1: 1033 daAuts
     D:2: 358 daAuts
